Unix NetHack Version 5.0.0-0 post-release - last build Jun 10 2026 00:39:30 (3ee93aec679c4c4259841fe613dc97188e26a321,branch:main).

Game began 2026-06-21 09:19:01, ended 2026-06-21 10:18:04.

LDaviesPeters, neutral female human Archeologist

                          --------            -------         ----------
                 -----    |......|            |.....-####     |........|
                #-..@|   #........##          |.....|#########.........|
                #|....####|......| #          |.....|#  ##    ..........#
                #|.d>.####|......| ####       |.....|#   #   #|........|#
                #-----   #--+-.---    #       -------#   #####.....{...|#
                ###      ########    #################     #  ----.-----#
                  #          #        ####      ######             #  ###
                  #          ###            #####    ##               #
                  #            #            #---------.-.---         `#
     -------------# #          ##           #|.............|        #####
     |.]**..%]..[|#(         ---|-+-----  # #|.%...........|          #.---+-
     |*.[*.[)[!..|#          |....<.....#####-.............|          #+....|
     |???]%?!!...|#          "..........#  ##......."`.....|           |....|
     |%?..?%!!!..-#        #%..........+#### ------.-+------           |....|
     -------------           |.".......|                               |....|
                             -----------                               |....|
                                                                       |....|
                                                                       ------

LDaviesPeters the Investigator  St:13 Dx:10 Co:15 In:17 Wi:12 Ch:10  Neutral
Dlvl:5  $:0  HP:26(48) Pw:22(22) AC:5  Xp:6 T:3918  Hungry  

Latest messages:
 You see here a newt corpse.
 There is a newt corpse here; eat it? [ynq] (n) y
 This newt corpse is stringy.
 You finish eating the newt corpse.
 You hear a door open.
 You see here an empty unlocked chest.
 You lash the homunculus!
 The homunculus bites!
 You are put to sleep by the homunculus!
 The homunculus bites!
 The homunculus bites!
 The homunculus bites!
 The hill orc hits!
 The homunculus bites!
 You wake up.
 You kill the homunculus!
 The hill orc hits!
 You see here a statue of an iguana.
 You are beginning to feel weak.
 You see here an unlocked large box containing 16 items.
 What do you want to eat? [dtxAM or ?*] ?
 This fortune cookie is delicious!
 You only feel hungry now.
 This cookie has a scrap of paper inside.
 It reads:
 They say that mummy corpses are not well preserved.
 The goblin wields a crude dagger!
 You climb up the stairs.
 The grid bug misses!
 You kill the grid bug!
 What do you want to eat? [dtxA or ?*] ?
 It is not so easy to open this tin.
 You hear some noises in the distance.
 You hear the chime of a cash register.
 You are beginning to feel weak.
 The little dog picks up a worthless piece of orange glass.
 You succeed in opening the tin.
 It smells like werewolves.
 Eat it? [yn] (n) y
 You consume deep fried werewolf.
 You cannibal!  You will regret this!
 You only feel hungry now.
 Eating deep fried food made your fingers very slippery.
 Your whip slips from your hand.
 Really quit without saving? [yn] (n) y
 Do you want your possessions identified? [ynq] (y) y
 Do you want to see your attributes? [ynq] (y) y
 Do you want an account of creatures vanquished? [ynaq] (y) n
 Do you want to see your conduct and achievements? [ynq] (y) y
 Do you want to see the dungeon overview? [ynq] (y) n

Inventory:
 Weapons  (')')
  z - a +0 arrow
  w - 9 +0 crossbow bolts
  Z - 6 cursed -1 orcish arrows
  E - 3 blessed +0 darts (at the ready)
  P - 6 +0 darts
  R - a +0 dagger
 Armor    ('[')
  n - an uncursed +0 dwarvish iron helm (being worn)
  v - a cursed -3 pair of gauntlets of fumbling named Cursed
  q - a cursed -1 pair of fumble boots
  C - an uncursed +0 pair of water walking boots (being worn)
  L - an uncursed +0 cloak of displacement (being worn)
  y - an uncursed +0 cloak of magic resistance
  h - an uncursed +0 leather jacket (being worn)
 Comestibles  ('%')
  t - 2 uncursed carrots
  d - 3 uncursed food rations
  x - an uncursed lembas wafer
 Scrolls  ('?')
  j - an uncursed scroll of teleportation
 Rings    ('=')
  c - an uncursed ring of poison resistance
  u - an uncursed ring of regeneration
 Wands    ('/')
  H - a wand of magic missile (0:2)
  o - a wand of nothing (0:12)
 Tools    ('(')
  b - an uncursed sack containing 6 items
  N - an expensive camera (0:96)
  l - an uncursed oil lamp
  W - an uncursed oil lamp
  p - a +0 pick-axe
  f - a tinning kit (0:66)
 Gems/Stones  ('*')
  k - an uncursed luckstone
  g - an uncursed touchstone

Contents of the sack:
  220 gold pieces
  3 uncursed scrolls of blank paper
  an uncursed potion of fruit juice
  an uncursed potion of full healing
  an uncursed potion of gain energy
  a blessed potion of object detection

LDaviesPeters the Archeologist's attributes:

Background:
 You were an Investigator, a level 6 female human Archeologist.
 You were neutral, nominally on a mission for Camaxtli
 who was opposed by Quetzalcoatl (lawful) and Huhetotl (chaotic).
 You were right-handed.
 You were in the Dungeons of Doom, on level 5.
 You entered the dungeon 3918 turns ago.
 You had 370 experience points, 270 more were needed to attain level 7.

Basics:
 You had 26 out of 48 hit points.
 You had all 22 energy points (spell power).
 Your armor class was 5.
 Your wallet was empty, but
 you had 220 zorkmids stashed away in your pack.
 Autopickup was off.

Final Characteristics:
 Your strength was 13 (limit:18/100).
 Your dexterity was 10 (limit:18).
 Your constitution was 15 (limit:18).
 Your intelligence was 17 (limit:18).
 Your wisdom was 12 (limit:18).
 Your charisma was 10 (limit:18).

Final Status:
 You had slippery fingers.
 You were hungry.
 You were unencumbered.
 You were bare handed.
 You were unskilled in bare handed combat.

Final Attributes:
 You were piously aligned.
 You were cold resistant.
 You were level-drain resistant.
 You had automatic searching.
 You were displaced.
 You were stealthy.
 You aggravated monsters.
 You could walk on water.
 You were warded.
 You were a werewolf.
 You were harmed by silver.
 You were lucky.
 You had extra luck.
 Bad luck did not time out for you.
 Good luck did not time out for you.
 You survived.

Miscellaneous:
 You encountered 1 bones level.
 Total elapsed playing time was 59 minutes and 3 seconds.

Major events:
 Turn
    1: LDaviesPeters the neutral female human Archeologist entered the dungeon
 1144: attained the rank of Field Worker (level 3)
 1418: entered the Gnomish Mines
 3747: attained the rank of Investigator (level 6)
 3918: quit

You didn't know any spells.

Skills:
 Fighting Skills
   bare handed combat [Unskilled]
   two weapon combat  [Unskilled]
   riding             [Unskilled]
 Weapon Skills
   dagger             [Unskilled]
   knife              [Unskilled]
   pick-axe           [Basic]
   short sword        [Unskilled]
   saber              [Unskilled]
   club               [Unskilled]
   quarterstaff       [Unskilled]
   sling              [Unskilled]
   dart               [Unskilled]
   boomerang          [Unskilled]
   whip               [Skilled]
   unicorn horn       [Unskilled]
 Spellcasting Skills
   attack spells      [Unskilled]
   healing spells     [Unskilled]
   divination spells  [Unskilled]
   matter spells      [Unskilled]

Voluntary challenges:
 Character rerolling was not enabled.
 You were an atheist.
 You never genocided any monsters.
 You never polymorphed an object.
 You never changed form.
 You used no wishes.
Achievements:
 You entered a shop.
 You attained the rank of Field Worker.
 You entered the Gnomish Mines.
 You attained the rank of Investigator.

 The Dungeons of Doom: levels 1 to 7
    Level 1:
       A fountain.
    Level 2:
       Some fountains.
    Level 3:
       An armor shop.
    Level 4:
       An armor shop.
       Stairs down to The Gnomish Mines.
    Level 5: <- You were here.
       A general store, a fountain.
    Level 6:
       An armor shop, a sink, a grave.
    Level 7:
       A fountain.
       Final resting place for
          atorox-Tou-Hum-Mal-Neu, killed by a boulder.
 The Gnomish Mines:
    Level 5:


Vanquished creatures:
  a water nymph
  a rock piercer
  a pony
  a shrieker
  a violet fungus
  a straw golem
  a paper golem
  2 giant ants
  a little dog
  a floating eye
  2 dwarves
  2 homunculi
  6 hill orcs
  a giant bat
  a monkey
  2 werejackals
  3 iguanas
  2 hobbits
  a large kobold
  4 giant rats
  6 cave spiders
  a green mold
  2 gnomes
  a garter snake
  3 geckos
  7 jackals
  2 foxes
  a kobold
  2 goblins
  8 grid bugs
  5 lichens
  a kobold zombie
  6 newts
80 creatures vanquished.

No species were genocided or became extinct.

Goodbye LDaviesPeters the Archeologist...

You quit in The Dungeons of Doom on dungeon level 5 with 2010 points,
and 220 pieces of gold, after 3918 moves.
You were level 6 with a maximum of 48 hit points when you quit.

